AoeStats
← MataLokas4216

Arabia

510932503Analyzed
3v3 RM · 20h ago on Oct 3, 2026· 36m 46s· 6 players
Game mode
Random Map
Map size
Normal (6 player)
Population
200
Speed
Normal
Resources
Standard
Victory
Conquest
Starting age
Dark Age
Ending age
Imperial Age
RankedLock teamsTeams togetherTeam positionsShared explorationLock speedFull tech treeHidden civsTurbo modeCheats
Victory
Defeat
🇨🇴 Hindustanis · Colombia
913
+14
🇨🇴 Burgundians · Colombia
908
+14
🇵🇦 Georgians · Panama
894
+15
🇦🇷 Franks · Argentina
948
-45
🇦🇷 Vietnamese · Argentina
832
-13
🇦🇷 Magyars · Argentina
819
-12
nacho.joyita
5:32 Loom
10:04 Feudal Age
22:38 Castle Age
22:15 Double-Bit Axe
22:23 Gold Mining
22:16 Horse Collar
24:51 Wheelbarrow
24:37 Bow Saw
25:26 Town Watch
25:07 Pikeman
25:47 Squires
27:02 Hand Cart
28:27 Forging
29:28 Stone Mining
29:56 Heavy Plow
35:23 Town Patrol
35:55 Bloodlines
35:45 Husbandry
MataLokas4216
4:16 Loom
10:54 Feudal Age
11:31 Double-Bit Axe
20:56 Castle Age
20:21 Horse Collar
20:37 Fletching
22:52 Stone Mining
23:24 Elite Skirmisher
29:16 Gold Mining
30:02 Stone Shaft Mining
32:08 Imperial Age
29:44 Grand Trunk Road
30:11 Bow Saw
30:41 Gold Shaft Mining
31:11 Scale Mail Armor
31:55 Bodkin Arrow
34:38 Forging
34:30 Bracer
34:30 Padded Archer Armor
34:36 Scale Barding Armor
37:41 Wheelbarrow
37:25 Chain Mail Armor
37:16 Murder Holes
Salvatoremancuso
4:38 Loom
9:50 Feudal Age
9:31 Double-Bit Axe
11:28 Bow Saw
16:28 Horse Collar
21:01 Castle Age
19:59 Heavy Plow
21:41 Forging
21:37 Scale Barding Armor
24:08 Wheelbarrow
24:51 Iron Casting
25:44 Gold Mining
27:56 Crop Rotation
29:03 Hand Cart
29:44 Gold Shaft Mining
32:46 Two-Man Saw
35:56 Imperial Age
35:09 Burgundian Vineyards
36:24 Elite Coustillier
Ignatius Reilly
10:44 Feudal Age
11:26 Loom
25:03 Castle Age
26:27 Gold Mining
27:27 Husbandry
29:59 Forging
MonjeCarlos
7:20 Loom
9:46 Feudal Age
16:27 Town Watch
18:10 Double-Bit Axe
24:00 Castle Age
23:05 Fletching
23:40 Gold Mining
24:06 Crossbowman
29:10 Caravan
29:06 Horse Collar
30:23 Stone Mining
31:46 Heavy Plow
32:27 Padded Archer Armor
34:57 Wheelbarrow
35:21 Bow Saw
35:24 Scale Mail Armor
35:34 Forging
36:49 Town Patrol
Rulo14
6:16 Loom
10:47 Feudal Age
11:42 Double-Bit Axe
25:11 Castle Age
24:50 Bloodlines
Connection lost

Rejoining the realm…

Still unreachable

The connection could not be restored.

Session expired

The server has moved on; the page needs a fresh start.